 Dungeon Crawl Stone Soup version 0.17-a0-2127-g1cb09f6 (console) character file.

140 endege the Skirmisher (level 5, -14/54 HPs)
             Began as a Troll Fighter on Oct 23, 2015.
             Was an Initiate of Elyvilon.
             Demolished by an ogre
             ... wielding a +0 giant club
              (24 damage)
             ... on level 4 of the Dungeon.
             The game lasted 00:18:27 (2590 turns).

endege the Skirmisher (Troll Fighter)               Turns: 2590, Time: 00:18:27

Health: -14/54     AC:  6    Str: 24    XL:     5   Next: 2%
Magic:  4/4        EV:  8    Int:  4    God:    Elyvilon [......]
Gold:   204        SH:  9    Dex: 10    Spells: 0 memorised, 4 levels left

rFire  . . .     SeeInvis .     a - +0 flail
rCold  . . .     Clarity  .     b - +0 robe
rNeg   . . .     SustAt   .     c - +0 shield
rPois  .         Gourm    +     (helmet restricted)
rElec  .         Spirit   .     p - +0 cloak
rCorr  .         Warding  .     (gloves unavailable)
rMut   .         Stasis   .     (boots unavailable)
MR     .....                    (no amulet)
Stlth  +.........               (no ring)
                                (no ring)

@: very slightly contaminated, not resistant to hostile enchantments, very
unstealthy
A: unfitting armour, claws 3, fast metabolism 3, gourmand, regeneration 2,
shaggy fur 1, tough skin 2
a: Renounce Religion


You were on level 4 of the Dungeon.
You worshipped Elyvilon.
Elyvilon was noncommittal.
You were not hungry.

You visited 1 branch of the dungeon, and saw 4 of its levels.

You collected 204 gold pieces.

Inventory:

Hand Weapons
 a - a +0 flail (weapon)
 n - a +0 hunting sling
Missiles
 m - 21 bolts of penetration
 o - 7 sling bullets of flame
 t - 2 tomahawks (quivered)
Armour
 b - a +0 robe (worn)
 c - a +0 shield (worn)
 p - a +0 cloak (worn)
Scrolls
 h - a scroll of teleportation
 i - 3 scrolls of remove curse
 q - a scroll of identify
Potions
 d - a potion of might
 k - a potion of cancellation
 l - a potion of agility
 r - a potion of heal wounds {unknown}
Comestibles
 e - 5 bread rations
 f - 7 chunks of flesh
 g - a beef jerky
 j - 3 meat rations


   Skills:
 * Level 3.6 Fighting
 + Level 2.4 Maces & Flails
 + Level 3.0 Dodging
 + Level 2.9 Shields


You had 4 spell levels left.
You didn't know any spells.

Dungeon Overview and Level Annotations

Branches:
Dungeon (4/15)
 Temple: D:4-7

Altars:
Cheibriados
Dithmenos
Elyvilon
Okawaru
Qazlal
Vehumet


Innate Abilities, Weirdness & Mutations

You are too large for most types of armour.
You have claws for hands.
Your metabolism is lightning-fast.
You like to eat raw meat.
You heal very quickly.
You are covered in fur (AC +1).
You have very tough skin (AC +2).


Message History

The ogre hits you with a giant club!
* * * LOW HITPOINT WARNING * * *
Drink which item? (? for menu, Esc to quit)
Okay, then.
Read which item? (? for menu, Esc to quit)
Blink to where?
Press: ? - help, Dir - move target cursor You are very lightly contaminated with residual magic.
As you read the scroll labeled GOER PUHAERO, it crumbles to dust.
It was a scroll of blinking.
There is an escape hatch in the ceiling here.
Throwing (i - inventory):
t - 3 tomahawks (quivered)
Press: ? - help, Shift-Dir - straight line, f - ogre
Aim: an ogre, wielding a giant club (moderately wounded)
You throw a tomahawk. The tomahawk hits the ogre.
The ogre is heavily wounded.
You thump the ogre!
The ogre is almost dead.
The ogre hits you with a giant club!!
You die...

.......(....#. ##.#..##....#
....###..#### # #..##..#....#
#.......#####.# #(####......#
####.#..##... #(# ###....#
#.....#.## #(# ##....#
####.....### #.# ###....>#
............#### #§###.......#
.........#.....####.....###..##
..........##...@.÷....#### ###
#........###...O##...####
########## ##...(........
#...########.# ##### #### ?...
####


You could see an ogre.

Vanquished Creatures
  An iguana (D:4)
  5 adders
  An ooze (D:1)
  3 worms
  7 giant geckos
  A giant cockroach (D:4)
  6 hobgoblins
  3 quokkas
  A ball python (D:1)
  8 bats
  5 giant newts
  4 goblins
  6 kobolds
  6 rats
57 creatures vanquished.

Notes
Turn   | Place    | Note
--------------------------------------------------------------
     0 | D:1      | endege the Troll Fighter began the quest for the Orb.
     0 | D:1      | Reached XP level 1. HP: 22/22 MP: 0/0
   166 | D:1      | Reached XP level 2. HP: 29/29 MP: 1/1
   580 | D:1      | You fall through a shaft!
   942 | D:2      | Reached XP level 3. HP: 23/36 MP: 2/2
  1052 | D:2      | Reached skill level 3 in Fighting
  1055 | D:2      | Found a radiant altar of Vehumet.
  1318 | D:2      | Found a snail-covered altar of Cheibriados.
  1319 | D:2      | Found an iron altar of Okawaru.
  1742 | D:3      | Found a stormy altar of Qazlal.
  1773 | D:3      | Found a white marble altar of Elyvilon.
  1783 | D:3      | Became a worshipper of Elyvilon the Healer
  1833 | D:3      | Reached XP level 4. HP: 26/45 MP: 3/3
  2296 | D:3      | Found a shadowy altar of Dithmenos.
  2553 | D:4      | Reached XP level 5. HP: 10/54 MP: 4/4
  2561 | D:4      | Noticed an ogre
  2590 | D:4      | Demolished by an ogre

Vault maps used:
D:1:      lightli_iron_boxes
D:2:      vehumet_crystals, gammafunk_temple_overflow_statue, minmay_surrounded
D:3:      elyvilon_altar_4, grunt_dithmenos_smoke,
          nicolae_overflow_hidden_temple, first_bread, supply_closet_lemuel
D:4:      grunt_temple_overflow_holy_war, amethyst_overflow_temple_binary,
          uniq_menkaure

Action                   |  1- 3 |  4- 6 || total
-------------------------+-------+-------++-------
Melee: Flail             |   142 |    99 ||   241
Throw: Tomahawk          |       |     4 ||     4
  Use: Scroll            |     5 |     2 ||     7
       Potion            |     3 |       ||     3
  Eat: Chunk             |     9 |     6 ||    15
       Meat ration       |     1 |       ||     1
       Royal jelly       |     1 |       ||     1
